 Dungeon Crawl Stone Soup version 0.25.0-9-g26727b657a (webtiles) character file.

Game seed: 17403982625309257604

386 Luthien the Digger (level 6, 0/37 HPs)
             Began as a Gargoyle Earth Elementalist on June 21, 2020.
             Slain by an unseen horror (7 damage)
             ... on level 5 of the Dungeon.
             The game lasted 00:20:21 (3990 turns).

Luthien the Digger (Gargoyle Earth Elementalist)    Turns: 3990, Time: 00:20:23

Health: 0/37       AC: 12    Str: 11    XL:     6   Next: 78%
Magic:  0/10       EV: 12    Int: 18    God:
Gold:   205        SH:  0    Dex: 10    Spells: 7/11 levels left

rFire    . . .     SeeInvis .   x - +4 dagger
rCold    . . .     Gourm    .   (no shield)
rNeg     + . .     Faith    .   p - +0 robe (curse)
rPois    ∞         Spirit   .   i - +0 helmet
rElec    +         Reflect  .   n - scarf {harm}
rCorr    .         Harm     .   (no gloves)
MR       +....                  a - +0 pair of boots
Stlth    ++........             (no amulet)
HPRegen  0.12/turn              l - +4 ring of protection
MPRegen  0.12/turn              y - ring of protection from magic

@: no status effects
A: negative energy resistance 1, electricity resistance, unbreathing,
petrification resistance, rot immunity, AC +4
a: no special abilities


You were on level 5 of the Dungeon.
You were hungry.

You visited 1 branch of the dungeon, and saw 5 of its levels.

You collected 205 gold pieces.

Inventory:

Hand Weapons
 h - a +0 spear
 m - a +1 hunting sling of flaming
 r - a +0 hunting sling
 u - a +0 hunting sling
 v - a +0 short sword
 x - a +4 dagger (weapon)
 C - a +0 spear
 E - a +0 whip
Missiles
 b - 19 stones (quivered)
 e - 93 sling bullets
 o - 46 arrows
Armour
 a - a +0 pair of boots (worn)
 c - a +0 robe
 i - a +0 helmet (worn)
 n - a scarf of harm (worn)
 p - a cursed +0 robe (worn)
 q - a +0 robe
 F - a +0 robe
Jewellery
 l - a +4 ring of protection (left hand)
 y - a ring of protection from magic (right hand)
 G - an uncursed ring of see invisible
Scrolls
 f - 2 scrolls of magic mapping
 g - a scroll of amnesia
 j - 2 scrolls of enchant weapon
 s - 2 scrolls of remove curse {unknown}
 I - a scroll of identify
 J - a scroll of fog {unknown}
Potions
 k - 3 potions of stabbing
 t - a potion of curing
 w - a potion of invisibility {unknown}
 z - a potion of cancellation {unknown}
 A - a potion of degeneration {unknown}
 B - 2 potions of mutation
 D - a potion of heal wounds
 H - a potion of magic {unknown}
Comestibles
 d - 6 rations


   Skills:
 + Level 3.0 Fighting
 - Level 2.0 Dodging
 - Level 3.0 Stealth
 - Level 3.0 Spellcasting
 + Level 3.1 Conjurations
   Level 0.7 Transmutations
 + Level 5.8 Earth Magic


You had 7 spell levels left.
You knew the following spells:

 Your Spells              Type           Power        Failure   Level  Hunger
a - Sandblast             Erth           ###...       1%          1    None
b - Stone Arrow           Conj/Erth      ###...       8%          3    ###....

Your spell library contained the following spells:

 Spells                   Type           Power        Failure   Level  Hunger
 Passwall                 Tmut/Erth      ##......     6%          2    ##.....
 Petrify                  Tmut/Erth      ##......     38%         4    ####...
 Lee's Rapid Deconstruct  Erth           ###.......   38%         5    ######.


Dungeon Overview and Level Annotations

Branches:
Dungeon (5/15)
 Temple: D:4-7

Altars:
Uskayaw

Shops:
D:4 !

Annotations:
D:4 Edmund, Edmund


Innate Abilities, Weirdness & Mutations

You are resistant to torment.
Your stone body is resilient. (AC +4)
You are immune to poison.
You resist negative energy. (rN+)
You are resistant to electric shocks. (rElec)
You can survive without breathing.
You are immune to petrification.
You are immune to rotting.


Message History

The blast of sand hits something.
b - 20 stones Something hits you but does no damage.
Something hits you.
* * * LOW HITPOINT WARNING * * *
Casting: Sandblast (safe; 1% risk of failure)
Confirm with . or Enter, or press ? or * to list all spells.
You can't see any susceptible monsters within range! (Use Z to cast anyway.) Unknown command.
Unknown command.
Casting: Sandblast (safe; 1% risk of failure)
Confirm with . or Enter, or press ? or * to list all spells.
Aiming: Sandblast (safe; 1% risk of failure)
Press: ? - help, Shift-Dir - straight line The blast of sand hits something!
b - 19 stones Something hits you but does no damage.
You feel better. Something hits you.
* * * LOW HITPOINT WARNING * * *
You hit something. Something hits you!
You die...

#..#####.#...##.###.#.#.# #.....
.........#...##.# #.#.#.####...#.
...#######...######..............
...# #...##...##..#.###......
..## #####.....#..#.###.#....
...# ......#..#............. ...#
#.....#............. ...#
#...##.....##.#.#.. .#.#
##@##......##.#.#.. .#.#
#.##..>........... .#.#
#.'..##...##.###.. .#.##
#.#...+...+... ... ....#
#.#####...#### . .#.## ... #...#
.#.# .... #...# .#.# ...#.. .#.#
##.. ..


There were no monsters in sight!

Vanquished Creatures
  An ogre (D:5)
  A howler monkey (D:5)
  2 orc priests (D:5)
  An orc wizard (D:5)
  2 worker ants
  A hound zombie (D:5)
  5 adders
  2 oozes
  2 adder zombies (D:5)
  A worm (D:2)
  A dart slug (D:1)
  A leopard gecko (D:4)
  3 orcs (D:5)
  4 giant cockroaches
  4 goblins
  3 hobgoblins
  4 jackals (D:2)
  2 quokkas (D:3)
  2 ball pythons (D:5)
  4 bats
  2 frilled lizards
  A giant cockroach zombie (D:4)
  6 kobolds
  2 rats
57 creatures vanquished.

Notes
Turn   | Place    | Note
-------+----------+-------------------------------------------
     0 | D:1      | Luthien the Gargoyle Earth Elementalist began the quest for
                  | the Orb.
     0 | D:1      | Reached XP level 1. HP: 10/10 MP: 3/3
   410 | D:1      | Reached skill level 4 in Earth Magic
   410 | D:1      | Reached XP level 2. HP: 15/15 MP: 3/5
  1128 | D:2      | Reached XP level 3. HP: 9/19 MP: 1/6
  1640 | D:2      | Learned a level 3 spell: Stone Arrow
  2348 | D:3      | Reached XP level 4. HP: 24/24 MP: 7/7
  2804 | D:4      | Found Wacargh's Distillery.
  2806 | D:4      | Found a hide-covered altar of Uskayaw.
  2806 | D:4      | Noticed Edmund
  2855 | D:5      | Entered Level 5 of the Dungeon
  2866 | D:5      | Reached skill level 1 in Conjurations
  2877 | D:5      | Reached skill level 1 in Fighting
  2877 | D:5      | Reached XP level 5. HP: 18/29 MP: 6/9
  2890 | D:5      | Reached skill level 5 in Earth Magic
  3443 | D:5      | Noticed an ogre
  3449 | D:5      | Killed an ogre
  3449 | D:5      | Reached XP level 6. HP: 28/36 MP: 5/10
  3990 | D:5      | Slain by an unseen horror

Illustrated notes

Levels and vault maps discovered:
D:1:      saegor_arrival_simple_d, layout_rooms, serial_glass, glass_columns_a,
          glass_columns_a, grunt_decor_mini_mirrors, minivault_25, minivault_19,
          minmay_misc_feat_ornament
D:2:      layout_basic
D:3:      layout_basic, first_ration
D:4:      layout_loops_ring, eat_drink_and_be_merry_uskayaw,
          minmay_temple_entry_antechambers, serial_shops, shop, shop_fountains,
          nicolae_shop_trees, shop, kennysheep_little_box, tgw_kikubaaqudgha,
          uniq_eustachio, uniq_edmund
D:5:      minmay_octagon_keep, layout_basic

Skill      XL: |  1  2  3  4  5  6 |
---------------+-------------------+-----
Earth Magic    | 4 5 |  5.8
Dodging        | 2 |  2.0
Stealth        | 3 |  3.0
Conjurations   | 1 2 3 |  3.1
Fighting       | 1 2 3 |  3.0
Spellcasting   | 3 |  3.0
Transmutations | |  0.7

Action                   |  1- 3 |  4- 6 || total
-------------------------+-------+-------++-------
Melee: Spear             |    33 |       ||    33
       Dagger            |    10 |    58 ||    68
 Fire: Hunting sling     |     3 |       ||     3
Throw: Stone             |    35 |       ||    35
 Cast: Sandblast         |    34 |    45 ||    79
       Stone Arrow       |       |     1 ||     1
  Use: Scroll            |       |     7 ||     7
       Potion            |       |     2 ||     2
 Stab: Sleeping          |       |     4 ||     4
  Eat: Chunk             |     5 |     1 ||     6
       Ration            |       |     1 ||     1
Armor: Robe              |    26 |    29 ||    55
Dodge: Dodged            |    30 |    34 ||    64
